 Dungeon Crawl Stone Soup version 0.18-a0-1562-gac8da35 (webtiles) character file.

1775 Hilldric the Carver (level 9, -5/68 HPs)
             Began as a Hill Orc Gladiator on Mar 13, 2016.
             Was a Follower of Beogh.
             Slain by Pikel
             ... wielding a +2 whip of electrocution
              (12 damage)
             ... on level 7 of the Dungeon.
             The game lasted 00:24:35 (8269 turns).

Hilldric the Carver (Hill Orc Gladiator)            Turns: 8269, Time: 00:24:35

Health: -5/68      AC: 30    Str: 21    XL:     9   Next: 8%
Magic:  9/9        EV:  8    Int: 10    God:    Beogh [*.....]
Gold:   321        SH:  0    Dex: 12    Spells: 0 memorised, 8 levels left

rFire  + . .     SeeInvis +     a - +1 long sword
rCold  . . .     Gourm    +     o - +2 chain mail {rF+}
rNeg   . . .     Faith    .     (no shield)
rPois  .         Spirit   .     c - +1 helmet
rElec  .         Dismiss  .     m - +2 cloak
rCorr  .         Reflect  .     j - +2 pair of gloves
SustAt .         Harm     .     (no boots)
MR     .....                    r - amulet of the gourmand
Stlth  ..........               (no ring)
                                y - +3 ring of protection

@: flying, not resistant to hostile enchantments, extremely unstealthy
A: rough black scales 1, thin skeletal structure 1, yellow scales 1, see
invisible, clever 1, deterioration 1, screaming 1, wild magic 1, no device heal
1
a: Renounce Religion


You were on level 7 of the Dungeon.
You worshipped Beogh.
Beogh was aware of your devotion.
You were not hungry.

You visited 1 branch of the dungeon, and saw 7 of its levels.

You collected 321 gold pieces.

Inventory:

Hand Weapons
 a - a +1 long sword (weapon)
Missiles
 d - 3 throwing nets (quivered)
Armour
 c - a +1 helmet (worn)
 j - a +2 pair of gloves (worn)
 m - a +2 cloak (worn)
 o - a +2 chain mail of fire resistance (worn)
 w - the -3 cloak of Henotheism {rPois}
   (You found it on level 4 of the Dungeon)

   It protects you from poison.
Jewellery
 r - an amulet of the gourmand (around neck)
 y - a +3 ring of protection (left hand)
Wands
 h - a wand of random effects (18/48)
 s - a wand of polymorph (14/24)
 u - a wand of polymorph (12/24)
 B - a wand of heal wounds (9/9)
Potions
 g - 3 potions of brilliance
Comestibles
 b - a meat ration
 f - 6 fruits
 p - a beef jerky
 q - 2 slices of pizza
 v - a royal jelly
 z - 4 bread rations


   Skills:
 - Level 2.4 Fighting
 + Level 11.3 Long Blades
 - Level 1.8 Throwing
 - Level 5.4 Armour
 - Level 2.4 Dodging


You had 8 spell levels left.
You didn't know any spells.

Dungeon Overview and Level Annotations

Branches:
Dungeon (7/15)
 Temple: D:4-7

Altars:
Dithmenos
Okawaru
Pakellas
Sif Muna
Trog

Shops:
D:4 }

Annotations:
D:2 Sigmund
D:6 stickyfingers's ghost, novice TeAs
D:7 Pikel


Innate Abilities, Weirdness & Mutations

You are partially covered in rough black scales (AC +4, Dex -1).
You have a somewhat thin skeletal structure (Dex +2, Stealth).
You are partially covered in yellow scales (AC +2).
You have supernaturally acute eyesight.
Your mind is acute. (Int +2)
Your body sometimes deteriorates upon taking damage.
You occasionally shout uncontrollably at your foes.
Your spells are a little harder to cast, but a little more powerful.
Potions and wands are less effective at restoring your health.


Message History

The quasit barely misses you.
The quasit claws you but does no damage.
The quasit barely misses you. Pikel hits you but does no damage.
Unknown command.
You closely miss Pikel.
Pikel is heavily wounded.
The quasit bites you but does no damage.
The quasit claws you but does no damage. x2
Pikel cracks his whip.
Pikel hits you but does no damage.
You completely miss Pikel.
Pikel is heavily wounded.
The quasit closely misses you.
The quasit claws you but does no damage.
The quasit closely misses you.
A slave comes into view.
You slash Pikel!
Pikel is severely wounded.
Pikel hits you but does no damage.
You are electrocuted!
You die...

. ... .##
#.......
#.#.#p#5#######
#.......#.p...#
#.# #.###$#
#.###.# #p# #
#<...p# #.#
#.#p#######.#
#..p5@Kpp...#
###.#########
#.# #.# ... #.#
#.# #.#


You could see Pikel, 4 slaves and a quasit.

Vanquished Creatures
  An orc warrior (D:5)
  A sky beast (D:6)
  An ice beast (D:5)
  4 ogres
  A centaur (D:6)
  2 giant frogs
  5 scorpions
  4 crimson imps
  A centaur skeleton (D:4)
  5 orc wizards
  A giant frog skeleton (D:4)
  4 worker ants
  3 hound skeletons
  Robin (D:3)
  5 adders
  4 gnolls (D:6)
  2 shadow imps
  An ooze (D:3)
  A worm (D:3)
  4 dart slugs
  3 giant geckos
  17 orcs
  6 giant cockroaches
  13 goblins
  12 hobgoblins
  9 jackals
  4 kobolds
  2 quokkas
  A ball python (D:1)
  9 bats
  7 giant newts
  6 rats
140 creatures vanquished.

Vanquished Creatures (others)
  A hound skeleton (D:4)
  An adder (D:4)
2 creatures vanquished.

Grand Total: 142 creatures vanquished

Notes
Turn   | Place    | Note
--------------------------------------------------------------
     0 | D:1      | Hilldric the Hill Orc Gladiator began the quest for the Orb.
     0 | D:1      | Reached XP level 1. HP: 18/18 MP: 1/1
   104 | D:1      | Reached skill level 1 in Armour
   199 | D:1      | Reached XP level 2. HP: 25/25 MP: 2/2
   876 | D:1      | Reached XP level 3. HP: 30/30 MP: 3/3
  1145 | D:2      | Found an iron altar of Okawaru.
  1275 | D:2      | Found a deep blue altar of Sif Muna.
  1302 | D:2      | Noticed Sigmund
  2343 | D:2      | Found a shadowy altar of Dithmenos.
  2531 | D:2      | Reached XP level 4. HP: 37/37 MP: 4/4
  3151 | D:3      | Reached XP level 5. HP: 42/42 MP: 5/5
  3246 | D:3      | Reached skill level 5 in Armour
  3491 | D:3      | Noticed Robin
  3721 | D:3      | Killed Robin
  3984 | D:4      | Reached skill level 4 in Long Blades
  4081 | D:4      | Reached XP level 6. HP: 47/50 MP: 6/6
  4258 | D:4      | Became a worshipper of Beogh the Brigand
  4294 | D:4      | Found an oddly glowing altar of Pakellas.
  4294 | D:4      | Found Pakellas's Prime Provisions.
  4352 | D:4      | Got a spiked cloak
  4364 | D:4      | Identified the cursed -3 cloak of Henotheism {rPois} (You found it on level 4 of the Dungeon)
  4445 | D:4      | Reached skill level 5 in Long Blades
  4784 | D:4      | Reached skill level 6 in Long Blades
  4784 | D:4      | Reached XP level 7. HP: 54/56 MP: 7/7
  5186 | D:5      | Entered Level 5 of the Dungeon
  5302 | D:5      | Reached skill level 7 in Long Blades
  5508 | D:5      | Reached * piety under Beogh
  6055 | D:5      | Reached skill level 8 in Long Blades
  6172 | D:6      | Reached XP level 8. HP: 53/62 MP: 8/8
  6219 | D:6      | Found an oddly glowing altar of Pakellas.
  6243 | D:6      | Found a bloodstained altar of Trog.
  6346 | D:6      | Reached skill level 9 in Long Blades
  6576 | D:6      | Noticed stickyfingers's ghost (novice TeAs)
  7309 | D:6      | Reached skill level 10 in Long Blades
  7926 | D:6      | Reached skill level 11 in Long Blades
  7926 | D:6      | Reached XP level 9. HP: 61/68 MP: 9/9
  7930 | D:6      | Gained mutation: Potions and wands are less effective at restoring your health. [mutagenic meat]
  7931 | D:6      | Gained mutation: You have supernaturally acute eyesight. [mutagenic meat]
  7932 | D:6      | Gained mutation: You have a somewhat thin skeletal structure (Dex +2, Stealth). [mutagenic meat]
  7934 | D:6      | Gained mutation: Your mind is acute. (Int +2) [mutagenic meat]
  7935 | D:6      | Gained mutation: You are partially covered in yellow scales (AC +2). [mutagenic meat]
  8198 | D:7      | Noticed Pikel
  8234 | D:7      | Gained mutation: You are partially covered in rough black scales (AC +4, Dex -1). [potion of mutation]
  8234 | D:7      | Gained mutation: You occasionally shout uncontrollably at your foes. [potion of mutation]
  8234 | D:7      | Gained mutation: Your body sometimes deteriorates upon taking damage. [potion of mutation]
  8244 | D:7      | Gained mutation: Your spells are a little harder to cast, but a little more powerful. [potion of beneficial mutation]
  8269 | D:7      | Slain by Pikel

Vault maps used:
D:1:      tarquinn_simple_flora_water_d, minmay_misc_feat_alley
D:2:      grunt_dithmenos_smoke_and_mirrors, okawaru_trees_2,
          lemuel_doored_altar, uniq_sigmund
D:3:      uniq_robin
D:4:      first_bread, johnstein_pakellas_shop
D:5:      kennysheep_generic_room_10
D:6:      bloody_trog, temple_green, basic_altar
D:7:      the_bakery, fedhas_altar_1, uniq_pikel

Skill      XL: |  1  2  3  4  5  6  7  8 |
---------------+-------------------------+-----
Armour         | 1 2 3 4 5 |  5.4
Long Blades    | 4 6 8 11 | 11.3
Fighting       | |  2.4
Throwing       | |  1.8
Dodging        | |  2.4

Action                   |  1- 3 |  4- 6 |  7- 9 || total
-------------------------+-------+-------+-------++-------
Melee: Long sword        |   127 |   274 |   303 ||   704
Invok: Convert to Beogh  |       |     1 |       ||     1
  Use: Scroll            |     8 |     7 |     7 ||    22
       Potion            |       |       |    11 ||    11
  Eat: Bread ration      |     1 |       |       ||     1
       Meat ration       |       |     1 |     1 ||     2
       Chunk             |       |     7 |    12 ||    19
